 Seeded DCSS version 0.29.1-12-g30fa7ad0bf (webtiles) character file.

Game seed: 13909063794444404412 (custom seed)

328 sanboga the Chopper (level 6, -4/40 HPs)
             Began as a Gargoyle Berserker on Jan 13, 2023.
             Was a Priest of Trog.
             Killed from afar by an orc wizard (11 damage)
             ... with a puff of flame
             ... on level 4 of the Dungeon.
             The game lasted 00:04:40 (3676 turns).

sanboga the Chopper (Gargoyle Berserker)            Turns: 3676, Time: 00:04:41

Health: -4/40      AC: 15    Str: 23    XL:     6   Next: 50%
Magic:  6/6        EV:  8    Int:  7    God:    Trog [***...]
Gold:   220        SH:  0    Dex:  9    Spells: 5/5 levels left

rFire   . . .      SeeInvis .   n - +0 war axe
rCold   . . .      Faith    .   (no shield)
rNeg    + . .      Spirit   .   e - +0 chain mail {rPois}
rPois   ∞          Reflect  .   (no helmet)
rElec   +          Harm     .   i - scarf {repulsion}
rCorr   .          Rampage  .   (no gloves)
Will    .....                   l - +0 pair of boots
Stlth   ..........              (no amulet)
HPRegen 0.13/turn               (no ring)
MPRegen 0.10/turn               (no ring)

@: on berserk cooldown, repel missiles
A: sickness immunity, AC +4, negative energy resistance 1, electricity
resistance, torment resistance 1, petrification resistance
a: Renounce Religion, Berserk, Trog's Hand


You were on level 4 of the Dungeon.
You worshipped Trog.
Trog was most pleased with you.
You visited 1 branch of the dungeon, and saw 4 of its levels.

You collected 289 gold pieces.
You spent 69 gold pieces at shops.

Inventory:

Hand Weapons
 n - a +0 war axe (weapon)
Armour
 e - a +0 chain mail of poison resistance (worn)
 i - a scarf of repulsion (worn)
 l - a +0 pair of boots (worn)
Wands
 o - a wand of flame (14)
Scrolls
 a - a scroll of enchant weapon {unknown}
 c - a scroll of teleportation
Potions
 b - a potion of lignification {unknown}
 d - 3 potions of might
 g - 4 potions of curing
 h - 2 potions of brilliance {unknown}
 j - a potion of mutation {unknown}
 k - a potion of experience {unknown}
 m - a potion of heal wounds {unknown}


   Skills:
 + Level 4.8 Fighting
 * Level 4.9 Axes
 + Level 4.0 Armour
 - Level 1.5 Dodging


You had 5 spell levels left.
You didn't know any spells.
Your spell library was empty.

Dungeon Overview and Level Annotations

Branches:
Dungeon (4/15)
 Temple: D:4-7

Altars:
Kikubaaqudgha

Shops:
D:2 *


Innate Abilities, Weirdness & Mutations

You are immune to sickness and miasma.
Your stone body is resilient. (AC +4)
You are immune to poison.
You resist negative energy. (rN+)
You are resistant to electric shocks. (rElec)
You are resistant to unholy torment.
You are immune to petrification.


Message History

The gnoll barely misses you.
You slash the gnoll!
You kill the gnoll!
Trog accepts your kill.
You are no longer berserk.
You are exhausted.
You feel yourself slow down.
You see here a +0 halberd.
You hear the slow hiss of an avalanche of sand very nearby.
You feel your willpower return.
An orc comes into view. It is wielding a +0 short sword.
The orc shouts!
You hear a shout! x2; You hear an angry hiss.
You hear a shout!
An orc wizard comes into view. It is wielding a +0 dagger.
The orc wizard casts a spell at you. The magic dart hits you.
The orc wizard gestures wildly while chanting.
The orc wizard flickers and vanishes!
Deactivating autopickup; reactivate with Ctrl-A.
The orc barely misses you. The orc attacks as you move away!
The orc closely misses you. The orc hits you but does no damage.
You feel yourself speed up. The orc attacks as you move away!
The orc hits you but does no damage.
You hit the orc.
The orc is severely wounded.
The orc hits you but does no damage. x2
You hit the orc.
You kill the orc!
Trog accepts your kill.
You barely miss something. Something hits you but does no damage.
You barely miss something. Something hits you but does no damage.
You hear some strange, mumbled words.
A magic dart appears from out of thin air!
The magic dart hits you!
* * * LOW HITPOINT WARNING * * *
You barely miss something.
You hear some strange, mumbled words.
A puff of flame appears from out of thin air!
The puff of flame hits you!
You die...

#.# #.# ******
#.## *,,,,*
#..###,,,,*
#....#,>,,*******
#.##......**,,,,**
#.#*#..{..,,,,,,,,
#{# *#....,*,,,,**
#@# *....,,,,,,**
#.# **.#.,,,,,,,,
#.# *,,#,,,∩,,,**
#.# *,**,,,,,*,**
#.# *,**,,,,**,,*
#.# *,**,,,,**,,,
#.# *,**,,,,,***,
#.# **,**,,,,,* *,
#.#**,,**,,,,,****


There were no monsters in sight!

Vanquished Creatures
  2 electric eels (D:3)
  An orc priest (D:3)
  Natasha (D:2)
  5 adders
  4 gnolls (D:4)
  3 worms (D:2)
  2 dart slugs (D:1)
  13 orcs
  9 ball pythons
  10 bats
  9 endoplasms
  3 giant cockroaches
  4 goblins
  3 hobgoblins (D:2)
  2 jackals (D:4)
  A quokka (D:1)
  2 frilled lizards
  8 kobolds
  10 rats
92 creatures vanquished.

Vanquished Creatures (others)
  4 plants
4 creatures vanquished.

Grand Total: 96 creatures vanquished

Notes
Turn   | Place    | Note
-------+----------+-------------------------------------------
     0 | D:1      | sanboga the Gargoyle Berserker began the quest for the Orb.
     0 | D:1      | Reached XP level 1. HP: 14/14 MP: 1/1
   339 | D:1      | Reached XP level 2. HP: 9/19 MP: 2/2
   792 | D:1      | Reached XP level 3. HP: 22/23 MP: 3/3
   973 | D:1      | Reached ** piety under Trog
  1324 | D:2      | Found Ucliamep's Assorted Antiques.
  1391 | D:2      | Bought a bubbling clear potion for 21 gold pieces
  1391 | D:2      | Bought a scroll labelled GAYGHAOTAKK for 24 gold pieces
  1394 | D:2      | Bought a scroll labelled RASTEASOYB for 24 gold pieces
  1940 | D:2      | Reached XP level 4. HP: 25/29 MP: 4/4
  1978 | D:2      | Noticed Natasha
  1994 | D:2      | Killed Natasha
  2499 | D:2      | Reached XP level 5. HP: 32/33 MP: 5/5
  2554 | D:2      | Found a faded altar of an unknown god.
  2640 | D:3      | Found a transporter.
  2985 | D:3      | Found a transporter.
  3050 | D:3      | Found an ancient bone altar of Kikubaaqudgha.
  3057 | D:3      | Reached *** piety under Trog
  3532 | D:3      | Reached XP level 6. HP: 39/39 MP: 6/6
  3676 | D:4      | Killed from afar by an orc wizard

Illustrated notes

Levels and vault maps discovered:
D:1:      dpeg_arrival_three_same_balls, layout_loops_ring, serial_bayou_pond_d
D:2:      layout_basic, serial_shops, shop_coins, serial_aquarium,
          aquarium_bridge_square [aquarium_subvault_wall,
          aquarium_subvault_bridge, aquarium_subvault_balcony,
          aquarium_subvault_wall], aquarium_window_corridor_3,
          aquarium_window_2, aquarium_window_1, aquarium_window_fake,
          aquarium_view_2a, aquarium_view_2a, aquarium_pool_four,
          hellmonk_ecumenical_altar_defaced_shrine, uniq_natasha
D:3:      gammafunk_steamed_eel, layout_loops_cross,
          nicolae_kikubaaqudgha_miasma_corner, kennysheep_decorative_pillar,
          hangedman_abyss_or_decor_lesser_grid, kennysheep_nondescript
D:4:      layout_rooms, enter_ossuary_3, nicolae_concentric_dashed_squares_mild,
          uniq_menkaure

Skill      XL: |  1  2  3  4  5  6 |
---------------+-------------------+-----
Axes           | 3 4 |  4.9
Armour         | 3 4 |  4.0
Fighting       | 4 |  4.8
Dodging        | |  1.5

Action                   |  1- 3 |  4- 6 || total
-------------------------+-------+-------++-------
Melee: Hand axe          |   135 |    81 ||   216
       Punch             |     3 |       ||     3
       War axe           |       |    36 ||    36
Invok: Berserk           |     1 |     4 ||     5
Evoke: Wand              |       |     5 ||     5
  Use: Scroll            |     3 |     3 ||     6
Armor: Animal skin       |    23 |       ||    23
       Chain mail        |    57 |    88 ||   145
Dodge: Dodged            |    58 |    68 ||   126
